 Dungeon Crawl Stone Soup version 0.31-a0-844-gdc52ec4e09 (webtiles) character file.

Game seed: 4471766292349161067

9746 wvc the Grappler (level 11, -2/89 HPs)
             Began as a Yellow Draconian Shapeshifter on Sept 30, 2023.
             Was a Follower of Uskayaw.
             Slain by a wolf spider (11 damage)
             ... on level 1 of the Lair of Beasts.
             The game lasted 00:25:38 (10564 turns).

wvc the Grappler (Yellow Draconian Shapeshifter)   Turns: 10564, Time: 00:25:39

Health: -2/89      AC:  7    Str: 17    XL:     11   Next: 27%
Magic:  18/18      EV: 13    Int: 14    God:    Uskayaw [*.....]
Gold:   688        SH:  0    Dex: 11    Spells: 18/20 levels left

rFire   . .          .
                       - Unarmed
rCold   . . .        (no shield)
rNeg    . . .        (body armour unavailable)
rPois   .            (helmet currently unavailable)
rElec   .            (cloak currently unavailable)
rCorr   +            (gloves currently unavailable)
SInv    .            (boots currently unavailable)
Will    +....        j - amulet of regeneration
Stlth   +            l - ring of willpower
HPRegen 1.14/turn    (no ring)
MPRegen 0.16/turn

%: no passive effects
@: lethally poisoned (-2 -> -13), beast-form
A: beast (slay +2), spit acid, AC +7, unfitting armour, cold-blooded, acid
resistance, horns 1, screaming 1, inability to drink after injury 1
a: Breathe Acid, Begin Untransformation, Renounce Religion, Stomp


You were on level 1 of the Lair of Beasts.
You worshipped Uskayaw.
Uskayaw was noncommittal.
You were a hulking beast.
You visited 2 branches of the dungeon, and saw 11 of its levels.

You collected 758 gold pieces.
You spent 70 gold pieces at shops.

Inventory:

Hand Weapons
 s - the +4 dagger "Rojuley" {freeze, *Slow rPois Dex+7}
   (You found it on level 3 of the Dungeon)

   Dex+7:     It affects your dexterity (+7).
   rPois:     It protects you from poison *Slow: It may slow you when you take
   damage.
Missiles
 h - 8 atropa-tipped darts (quivered)
 u - 2 throwing nets
 H - 5 poisoned darts
Armour
 k - an orb of light
 p - a +1 pair of boots
 A - a +2 pair of gloves
Magical Staves
 d - a staff of poison
Jewellery
 j - an amulet of regeneration (around neck)
 l - a ring of willpower (left hand)
 y - an amulet of faith
 I - a ring of poison resistance
Talismans
 b - a beast talisman (active)
 c - a flux talisman
 o - a serpent talisman
 F - a blade talisman
Wands
 n - a wand of light (17)
 r - a wand of flame (27)
 v - a wand of mindburst (10)
 z - a wand of polymorph (3)
Scrolls
 g - 2 scrolls of immolation
 i - a scroll of vulnerability
 t - 3 scrolls of teleportation
 D - a scroll of enchant armour
 G - a scroll of enchant weapon
 K - a scroll of revelation
Potions
 a - 3 potions of lignification
 e - 4 potions of curing
 f - a potion of heal wounds
 m - 2 potions of invisibility
 q - a potion of magic
 w - a potion of might
 x - a potion of berserk rage
 B - 2 potions of resistance
 C - a potion of haste
 E - a potion of attraction {unknown}
 J - a potion of cancellation {unknown}


   Skills:
 + Level 6.3 Fighting
 + Level 4.1 Dodging
 - Level 14.0 Unarmed Combat
 - Level 5.0 Spellcasting
 - Level 5.0 Transmutations
 * Level 4.9 Shapeshifting


You had 18 spell levels left.
You knew the following spells:

 Your Spells              Type           Power      Damage    Failure   Level
a - Wereblood             Tmut           17%        N/A       3%          2

Your spell library contained the following spells:

 Spells                   Type           Power      Damage    Failure   Level
 Apportation              Tloc           6%         N/A       17%         1
 Jinxbite                 Hex            6%         N/A       26%         2
 Sublimation of Blood     Necr           3%         N/A       26%         2
 Gell's Gravitas          Tloc           3%         N/A       45%         3
 Summon Guardian Golem    Hex/Summ       3%         N/A       45%         3
 Teleport Other           Tloc           3%         N/A       45%         3
 Animate Dead             Necr           3%         N/A       86%         4
 Alistair's Intoxication  Tmut/Pois      6%         N/A       86%         5
 Borgnjor's Vile Clutch   Necr/Erth      1%         N/A       99%         5
 Death Channel            Necr           1%         N/A       100%        6
 Dispersal                Tloc           1%         N/A       100%        6
 Orb of Destruction       Conj           1%         9d5       100%        7
 Spellforged Servitor     Conj/Summ      1%         N/A       100%        7
 Summon Hydra             Summ           1%         N/A       100%        7


Dungeon Overview and Level Annotations

Branches:
Dungeon (10/15)            Temple (0/1) D:5            Lair (1/5) D:9
    Orc: D:9-12

Altars:
Cheibriados
Elyvilon
Fedhas
Gozag
Kikubaaqudgha
Nemelex Xobeh
Qazlal
Ru
Sif Muna
Uskayaw
Vehumet
Wu Jian
Yredelemnul
The Shining One

Shops:
D:3 [   D:4 ?   D:5 !   D:9 :


Innate Abilities, Weirdness & Mutations

You are a hulking beast.
Your limbs bulge with bestial killing power. (Slay +2)
You can spit globs of acid.
Your golden yellow scales are hard. (AC +7)
You cannot fit into any form of body armour.
You are cold-blooded and may be slowed by cold attacks.
You are resistant to acid. (rCorr)
You have a pair of small horns on your head.
You occasionally shout uncontrollably at your foes.
You occasionally lose the ability to drink potions when taking damage.


Message History

The cane toad is severely wounded.
The cane toad stings you!
You punch the cane toad!
You punch the cane toad, but do no damage.
The cane toad is almost dead.
The cane toad stings you but does no damage.
You punch the cane toad!
You kill the cane toad!
There is a staircase back to the Dungeon, spattered with blood here.
You start resting.
HP restored.
n - a wand of light (17) (gained 3 charges)
K - a scroll of revelation You yell at the wolf! 2 wolves come into view.
The wolf howls!
You hear a skittering sound.
You hear a howl!
You hear a skittering sound.
A wolf spider comes into view.
A wolf comes into view.
A wolf spider comes into view.
A wolf comes into view.
The wolf moves out of view.
The wolf bites you but does no damage.
The wolf spider attacks as it pursues you!
The wolf spider hits you!! The wolf spider bites you. The wolf bites you!
The wolf bites you. The wolf spider completely misses you.
The wolf spider bites you.
You are poisoned.
The wolf spider poisons you!
You feel extremely sick.
The wolf spider attacks as it pursues you!
The wolf spider hits you but does no damage.
The wolf spider bites you but does no damage.
You feel very sick.
The wolf spider attacks as it pursues you!
The wolf spider hits you! The wolf spider bites you.
* * * LOW HITPOINT WARNING * * *
The wolf spider hits you!
* * * LOW HITPOINT WARNING * * *
The wolf spider bites you!
You die...

###.......######..........##
#...#........##......†.....#
#...#...#...## #..........#
P...........## #.........##
.........h...# #...†....##
.............####......##
............sh# #P....##
............h.###<...##
...............#h.####
.............#.s.##
#...........##...#
#..........#....##
##.........##..##
#........####... ##......##
#.... ##.#P### ..... #### ..
..


You could see a wolf spider.

Vanquished Creatures
  Pikel (D:6)
  An ugly thing (D:10)
  2 cane toads (Lair:1)
  A troll (D:10)
  A hornet (D:9)
  Prince Ribbit (D:7)
  4 blink frogs
  2 wraiths (D:9)
  2 wyverns (D:8)
  3 yaks (D:6)
  A steam dragon (D:10)
  3 vampire mosquitoes (D:10)
  2 wargs (D:9)
  2 water moccasins
  3 acid dragons
  Duvessa (D:7)
  A black bear (D:6)
  2 ice beasts
  2 sky beasts (D:6)
  2 orc warriors
  5 centaurs
  2 ogres
  2 lemures (D:6)
  4 phantoms
  A kobold brigand (D:9)
  5 bullfrogs
  4 scorpions
  A gnoll sergeant (D:6)
  23 wights
  Dowan (D:7)
  A howler monkey (D:9)
  An electric eel (D:8)
  4 hounds
  3 orc priests
  4 jellies
  A sleepcap (D:5)
  A gnoll bouda (D:4)
  8 iguanas
  Terence (D:3)
  4 orc wizards
  16 gnolls
  10 adders
  A shadow imp (D:7)
  A white imp (D:5)
  2 worms (D:3)
  6 dart slugs
  16 orcs
  4 bats
  3 endoplasms
  4 giant cockroaches
  8 goblins
  5 hobgoblins
  2 jackals (D:2)
  10 kobolds
  5 quokkas
  9 ball pythons
  A frilled lizard (D:2)
  3 rats
219 creatures vanquished.

Notes
Turn   | Place    | Note
-------+----------+-------------------------------------------
     0 | D:1      | wvc the Draconian Shapeshifter began the quest for the Orb.
     0 | D:1      | Reached XP level 1. HP: 16/16 MP: 1/1
   242 | D:1      | Reached XP level 2. HP: 23/23 MP: 2/2
   710 | D:2      | Reached skill level 4 in Unarmed Combat
   875 | D:2      | Reached XP level 3. HP: 28/28 MP: 3/3
  1367 | D:2      | Reached XP level 4. HP: 30/35 MP: 4/4
  1599 | D:3      | Noticed Terence
  1609 | D:3      | Killed Terence
  1610 | D:3      | Reached skill level 5 in Unarmed Combat
  1676 | D:3      | Found Xodyex's Armour Shop.
  1813 | D:3      | Identified the +4 dagger "Rojuley" {freeze, *Slow rPois
                  | Dex+7}
  1817 | D:3      | Reached XP level 5. HP: 40/40 MP: 5/5
  1893 | D:3      | Learned a level 2 spell: Wereblood
  2382 | D:4      | Noticed an ogre
  2403 | D:4      | Killed an ogre
  2404 | D:4      | Reached skill level 1 in Spellcasting
  2404 | D:4      | Reached skill level 1 in Transmutations
  2469 | D:4      | Reached XP level 6. HP: 47/47 MP: 8/8
  2743 | D:4      | Found an opulent altar of Gozag.
  2743 | D:4      | Found a shimmering blue altar of Sif Muna.
  2743 | D:4      | Found an ancient bone altar of Kikubaaqudgha.
  2743 | D:4      | Found a basalt altar of Yredelemnul.
  2750 | D:4      | Found a hide-covered altar of Uskayaw.
  2750 | D:4      | Found a radiant altar of Vehumet.
  2788 | D:4      | Became a worshipper of Uskayaw the Reveller
  2941 | D:4      | Reached * piety under Uskayaw
  3029 | D:4      | Reached ** piety under Uskayaw
  3038 | D:4      | Reached *** piety under Uskayaw
  3201 | D:4      | Found The Oracle's Delphic Readings.
  3432 | D:5      | Entered Level 5 of the Dungeon
  3432 | D:5      | Found Ahosmient's Distillery.
  3437 | D:5      | Bought a potion of heal wounds for 70 gold pieces
  3445 | D:5      | Found a stormy altar of Qazlal.
  3596 | D:5      | Found a staircase to the Ecumenical Temple.
  3640 | D:5      | Your scales start taking on a golden yellow colour.
  3640 | D:5      | Reached XP level 7. HP: 53/56 MP: 11/11
  3640 | D:5      | Gained mutation: You are resistant to acid. (rCorr) [Yellow
                  | Draconian growth]
  3839 | D:5      | Reached **** piety under Uskayaw
  3848 | D:5      | Reached ***** piety under Uskayaw
  4274 | D:5      | Found a white marble altar of Elyvilon.
  4327 | D:5      | Reached skill level 6 in Unarmed Combat
  4327 | D:5      | Reached XP level 8. HP: 66/66 MP: 14/14
  4519 | D:6      | Noticed Pikel
  4536 | D:6      | Reached skill level 7 in Unarmed Combat
  4543 | D:6      | Killed Pikel
  4544 | D:6      | Reached skill level 8 in Unarmed Combat
  4569 | D:6      | HP: 1/67 [yak (12)]
  4915 | D:6      | Reached skill level 9 in Unarmed Combat
  4915 | D:6      | Reached XP level 9. HP: 65/72 MP: 15/15
  4956 | D:6      | Gained mutation: You are strong-willed. (Will+) [potion of
                  | mutation]
  4956 | D:6      | Gained mutation: You occasionally lose the ability to drink
                  | potions when taking damage. [potion of mutation]
  4956 | D:6      | Gained mutation: You are agile. (Dex +4, Str/Int -1)
                  | [potion of mutation]
  4957 | D:6      | Lost mutation: You are agile. (Dex +4, Str/Int -1) [potion
                  | of mutation]
  4957 | D:6      | Lost mutation: You are strong-willed. (Will+) [potion of
                  | mutation]
  4957 | D:6      | Gained mutation: You occasionally shout uncontrollably at
                  | your foes. [potion of mutation]
  4957 | D:6      | Gained mutation: You have a pair of small horns on your
                  | head. [potion of mutation]
  5204 | D:6      | Reached skill level 5 in Transmutations
  5499 | D:6      | Reached skill level 10 in Unarmed Combat
  6093 | D:7      | Found a sparkling altar of Nemelex Xobeh.
  6285 | D:7      | Reached skill level 11 in Unarmed Combat
  6385 | D:7      | Reached skill level 5 in Fighting
  6579 | D:7      | Noticed Duvessa
  6605 | D:7      | Killed Duvessa
  6608 | D:7      | Noticed Dowan
  6612 | D:7      | Killed Dowan
  6759 | D:7      | Found a glowing golden altar of the Shining One.
  6766 | D:7      | Found a snail-covered altar of Cheibriados.
  6829 | D:7      | Reached XP level 10. HP: 75/81 MP: 17/17
  6981 | D:7      | Noticed Prince Ribbit
  6990 | D:7      | Killed Prince Ribbit
  6991 | D:7      | Reached skill level 12 in Unarmed Combat
  7690 | D:8      | Found an ornate altar of the Wu Jian Council.
  8115 | D:8      | Reached skill level 13 in Unarmed Combat
  8219 | D:8      | Found a sacrificial altar of Ru.
  8257 | D:8      | Reached skill level 5 in Spellcasting
  8590 | D:9      | Found a staircase to the Lair.
  9366 | D:9      | Reached skill level 14 in Unarmed Combat
  9405 | D:9      | Found Uqirylehu's Tiny Tomes.
  9564 | D:10     | Entered Level 10 of the Dungeon
  9628 | D:10     | Noticed a red ugly thing
  9654 | D:10     | Killed a red ugly thing
  9661 | D:10     | HP: 4/82 [something/magic dart (5)]
  9679 | D:10     | Reached XP level 11. HP: 56/89 MP: 18/18
  9784 | D:10     | Found a blossoming altar of Fedhas.
 10249 | Lair:1   | Entered Level 1 of the Lair of Beasts
 10552 | Lair:1   | Noticed a wolf spider
 10552 | Lair:1   | Noticed a wolf spider
 10564 | Lair:1   | Slain by a wolf spider

Illustrated notes

Levels and vault maps discovered:
D:1:      doesnt_arrival_eight_statues, layout_loops_cross, minivault_4
D:2:      layout_basic, cheibrodos_gnoll_hut
D:3:      layout_loops_ring, serial_shops,
          nicolae_shop_competitors_out_of_business, uniq_terence
D:4:      layout_basic, minmay_overflow_temple_hex, serial_forest,
          infiniplex_forest_straight_5, infiniplex_forest_diagonal,
          infiniplex_forest_lined_4_way, infiniplex_forest_clump_double,
          infiniplex_forest_lined_4_way, infiniplex_forest_clump_diagonal,
          nicolae_nh_oracle_at_delphi
D:5:      layout_basic, grunt_qazlal_clouds, elyvilon_altar_5,
          minmay_temple_entry_steel_oval, serial_shops, shop_fountains,
          kennysheep_generic_room_6
D:6:      layout_layer_cave, uniq_pikel
D:7:      layout_loops_ring, nemelex_spade_bored_becter, minitemple,
          enter_bailey_7, uniq_prince_ribbit1, uniq_duvessa
D:8:      cheibrodos_helix_gallery, layout_loops_cross, lemuel_crystal_altar,
          mainiacjoe_overflow_cross_hatched
D:9:      layout_basic, erik_lair_orcish_takeover, minmay_misc_feat_tower,
          nicolae_shop_i_like_small_books_too
D:10:     layout_cave_pools, lemuel_crystal_altar
Lair:1:   layout_cave_pods, nicolae_lair_run_with_the_wolves

Skill      XL: |  1  2  3  4  5  6  7  8  9 10 11 |
---------------+----------------------------------+-----
Unarmed Combat | 4 5 6 9 11 14 | 14.0
Spellcasting   | 1 2 4 5 |  5.0
Transmutations | 1 3 4 5 |  5.0
Fighting       | 2 3 4 5 6 |  6.3
Dodging        | 2 4 |  4.1
Shapeshifting  | 4 |  4.9

Action                     |  1- 3 |  4- 6 |  7- 9 | 10-12 || total
---------------------------+-------+-------+-------+-------++-------
  Melee: Unarmed           |    98 |   119 |   237 |   226 ||   680
         Tailslap          |     9 |    14 |    39 |    25 ||    87
         Punch             |       |     3 |     6 |    16 ||    25
         Headbutt          |       |       |    27 |    36 ||    63
  Throw: Dart              |       |     4 |    10 |     3 ||    17
   Cast: Wereblood         |       |     3 |     5 |    10 ||    18
Ability: Breathe Acid      |       |       |       |     1 ||     1
  Evoke: Wand              |       |       |       |     3 ||     3
    Use: Scroll            |       |    10 |     5 |     7 ||    22
         Potion            |       |       |     3 |     5 ||     8
   Stab: Paralysed         |       |     1 |    21 |    12 ||    34
         Sleeping          |       |     1 |     1 |       ||     2
 Armour: Skin              |    40 |    85 |   128 |   210 ||   463
  Dodge: Dodged            |    82 |    75 |   107 |   116 ||   380
         Form:             |     1 |       |       |       ||     1
         Beast             |     1 |       |       |       ||     1

Table legend: (Time is in decaauts)
 A = Elapsed time spent in this place.
 B = Non-inter-level travel time spent in this place.
 C = Inter-level travel time spent in this place.
 D = Time resting spent in this place.
 E = Time spent auto-exploring this place.
 F = Levels seen in this place.
 G = Mean time per level.
                   A        B        C        D        E       F      G
               +--------+--------+--------+--------+--------+-----+--------+
         Total |  10463 |  10187 |    276 |   1032 |   7279 |  11 |  951.2 |
       Dungeon |  10313 |  10038 |    275 |    957 |   7257 |  10 | 1031.3 |
          Lair |    149 |    149 |      0 |     75 |     22 |   1 |  149.0 |
               +--------+--------+--------+--------+--------+-----+--------+

Top non-repeatable levels by time:
     D:6: 1669 daAuts
     D:7: 1386 daAuts
     D:9: 1211 daAuts
     D:4: 1098 daAuts
     D:8: 1058 daAuts
     D:5: 934 daAuts
     D:2: 873 daAuts
     D:3: 769 daAuts
     D:1: 672 daAuts
    D:10: 639 daAuts
  Lair:1: 149 daAuts
